 Dungeon Crawl Stone Soup version 0.23-a0-270-gab6feb3 (webtiles) character file.

148 epen the Ducker (level 5, -1/32 HPs)
             Began as a Deep Elf Monk on Oct 1, 2018.
             Slain by an iguana (10 damage)
             ... on level 4 of the Dungeon.
             The game lasted 00:05:15 (4638 turns).

epen the Ducker (Deep Elf Monk)                     Turns: 4638, Time: 00:05:16

Health: -1/32      AC:  3    Str:  8    XL:     5   Next: 8%
Magic:  7/7        EV: 15    Int: 15    God:
Gold:   214        SH:  0    Dex: 20    Spells: 4/4 levels left

rFire    . . .     SeeInvis .   a - +0 short sword
rCold    . . .     Gourm    .   (no shield)
rNeg     . . .     Faith    .   b - +1 robe
rPois    +         Spirit   .   (no helmet)
rElec    .         Reflect  .   g - scarf {cloud immunity}
rCorr    .         Harm     .   (no gloves)
MR       .....                  (no boots)
Stlth    +++.......             (no amulet)
HPRegen  0.10/turn              (no ring)
MPRegen  0.10/turn              (no ring)

@: no status effects
A: talons 1, agile 1, blink, poison resistance, evolution 1
a: Blink


You were on level 4 of the Dungeon.
You were hungry.

You visited 1 branch of the dungeon, and saw 4 of its levels.

You collected 214 gold pieces.

Inventory:

Hand Weapons
 a - a +0 short sword (weapon)
Missiles
 l - a throwing net (quivered)
Armour
 b - a +1 robe (worn)
 g - a scarf of cloud immunity (worn)
Scrolls
 e - 2 scrolls of remove curse
 j - 4 scrolls of identify
 k - a scroll of enchant armour
 n - a scroll of enchant weapon {unknown}
Potions
 d - 2 potions of mutation
 f - 6 potions of curing
 h - a potion of lignification
 i - a potion of heal wounds
 m - 2 potions of flight {unknown}
 o - a potion of might {unknown}
Comestibles
 c - 8 rations


   Skills:
 + Level 3.0 Fighting
 * Level 4.3 Short Blades
 + Level 4.5 Dodging
 + Level 3.7 Stealth


You had 4 spell levels left.
You didn't know any spells.
Your spell library was empty.

Dungeon Overview and Level Annotations

Branches:
Dungeon (4/15)
 Temple: D:4-7

Altars:
Qazlal


Innate Abilities, Weirdness & Mutations

You have sharp toenails.
You are agile. (Dex +2)
You can translocate small distances at will.
Your system is resistant to poisons. (rPois)
You evolve.


Message History

The iguana bites you.
You hit the iguana but do no damage.
The iguana is heavily wounded.
The iguana closely misses you.
You hit the iguana but do no damage. Your kick misses the iguana.
The iguana is heavily wounded.
You hit the iguana. Your kick misses the iguana.
The iguana is heavily wounded.
The iguana bites you!
* * * LOW HITPOINT WARNING * * *
You hit the iguana.
The iguana is almost dead.
The iguana misses you.
You hit the iguana but do no damage.
The iguana is almost dead.
The iguana barely misses you.
You hit the iguana but do no damage. You claw the iguana, but do no damage.
The iguana is almost dead.
The iguana bites you!
You die...

##.###.#...#
####.#.#####.###
##...##.#...###
#.#.......#
##...$.#!......#
#.##.######
#............o.######.##.#
#..........oo...........<#
..#...####...#.......#####
####.## #...#.#.###.# #.#
##.##.#l# #.######### .<#
#.##.#@# #.........# ####
#.##.#.# #..######.#
#.##.#.# #..# #.#
######.##.#.###..###
#.####
....................#
#.....
#######.###..###..#.#
###### #.# #..# #..#.# #
..# #..# #..#.# # ####
#..# #..#.# #


You could see an iguana.

Vanquished Creatures
  A worker ant (D:4)
  3 adders
  4 worms
  2 dart slugs (D:1)
  A leopard gecko (D:4)
  3 orcs (D:4)
  9 bats
  4 giant cockroaches
  12 goblins
  12 hobgoblins
  6 jackals
  A quokka (D:3)
  4 frilled lizards
  8 kobolds
  6 rats
76 creatures vanquished.

Notes
Turn   | Place    | Note
-------+----------+-------------------------------------------
     0 | D:1      | epen the Deep Elf Monk began the quest for the Orb.
     0 | D:1      | Reached XP level 1. HP: 13/13 MP: 3/3
    82 | D:1      | Reached XP level 2. HP: 15/18 MP: 4/4
   950 | D:1      | Reached XP level 3. HP: 18/22 MP: 5/5
  2393 | D:2      | Reached XP level 4. HP: 20/27 MP: 6/6
  3076 | D:3      | Found a faded altar of an unknown god.
  3184 | D:3      | Noticed an ice beast
  3274 | D:3      | Gained mutation: You are agile. (Dex +2) [potion of
                  | mutation]
  3274 | D:3      | Gained mutation: Your system is resistant to poisons.
                  | (rPois) [potion of mutation]
  3274 | D:3      | Gained mutation: You can translocate small distances at
                  | will. [potion of mutation]
  3274 | D:3      | Gained mutation: You evolve. [potion of mutation]
  3837 | D:3      | Noticed a fire elemental
  3838 | D:3      | Found a stormy altar of Qazlal.
  3840 | D:3      | Noticed an air elemental
  3840 | D:3      | Noticed an earth elemental
  3840 | D:3      | Noticed a water elemental
  4282 | D:3      | Gained mutation: You have sharp toenails. [evolution]
  4385 | D:4      | Reached XP level 5. HP: 32/32 MP: 7/7
  4638 | D:4      | Slain by an iguana

Vault maps used:
D:1:      arrival_zaba_pyramid, st_stairs_10
D:2:      cheibrodos_greedy_goblins
D:3:      chequers_ecumenical_altar_grove, nicolae_qazlal_style_of_elements
D:4:      temple_fountains, grunt_ministairs_7, bloody_trog, uniq_sigmund,
          uniq_ijyb, uniq_eustachio

Skill      XL: |  1  2  3  4 |
---------------+-------------+-----
Stealth        | 3 |  3.7
Dodging        | 4 |  4.5
Short Blades   | 4 |  4.3
Fighting       | 3 |  3.0

Action                   |  1- 3 |  4- 6 || total
-------------------------+-------+-------++-------
Melee: Short sword       |   201 |   159 ||   360
       Kick              |       |    13 ||    13
 Abil: Blink             |       |     1 ||     1
  Use: Scroll            |       |     6 ||     6
       Potion            |       |     1 ||     1
 Stab: Sleeping          |     8 |     9 ||    17
  Eat: Chunk             |     5 |     3 ||     8
       Ration            |       |     1 ||     1
Armor: Robe              |    23 |    13 ||    36
Dodge: Dodged            |   180 |    81 ||   261

Table legend:
 A = Non-vault XP
 B = Vault XP
 C = Vault XP percentage of total XP
 D = Non-vault monster count
 E = Vault monster count
 F = Vault count percentage of total count
                 A         B        C        D         E       F
            +---------+---------+-------+---------+---------+-------
      Total |     194 |      18 |   8.5 |      65 |      11 |  14.5
            +---------+---------+-------+---------+---------+-------
        D:1 |      40 |       3 |   7.0 |      23 |       3 |  11.5
        D:2 |      68 |      15 |  18.1 |      19 |       8 |  29.6
        D:3 |      42 |       0 |   0.0 |      18 |       0 |   0.0
        D:4 |      44 |       0 |   0.0 |       5 |       0 |   0.0
            +---------+---------+-------+---------+---------+-------
